 Dungeon Crawl Stone Soup version 0.29-a0-340-g6efceafd81 (webtiles) character file.

Game seed: 13329022629320637800

9 snetch the Magician (level 2, 21/21 HPs)
             Began as a Djinni Fire Elementalist on Apr 19, 2022.
             Was a Follower of Trog.
             Quit the game on level 1 of the Dungeon.
             The game lasted 00:01:04 (441 turns).

snetch the Magician (Djinni Fire Elementalist)       Turns: 441, Time: 00:01:06

Health: 21/21      AC:  2    Str:  7    XL:     2   Next: 25%
Gold:   29         EV: 12    Int: 16    God:    Trog [*.....] SH:  0 Dex: 13

rFire   + + .      SeeInvis .   e - +0 dagger
rCold   x . .      Faith    .   (no shield)
rNeg    . . .      Spirit   .   a - +0 robe
rPois   ∞          Reflect  .   (no helmet)
rElec   .          Harm     .   (no cloak)
rCorr   .          Rampage  .   (no gloves)
Will    .....                   (boots unavailable)
Stlth   ++........              (no amulet)
HPRegen 0.07/turn               (no ring)
MPRegen 0.00/turn               (no ring)

@: flying
A: sickness immunity, fire resistance 2, cold vulnerability 1, float, innate
caster, HP casting, extra vitality 1
a: Renounce Religion, Berserk


You were on level 1 of the Dungeon.
You worshipped Trog.
Trog was aware of your devotion.
You visited 1 branch of the dungeon, and saw 2 of its levels.

You collected 29 gold pieces.

Inventory:

Hand Weapons
 e - a +0 dagger (weapon)
Armour
 a - a +0 robe (worn)
Scrolls
 b - a scroll of teleportation {unknown}
 c - a scroll of fear {unknown}
 d - a scroll of identify {unknown}
Potions
 f - a potion of attraction {unknown}


   Skills:
 + Level 2.3 Dodging
 + Level 1.6 Stealth
 - Level 2.8 Spellcasting


You couldn't memorise any spells.
You knew the following spells:

 Your Spells              Type           Power      Damage    Failure   Level
a - Foxfire               Conj/Fire      44%        2x1d6     6%          1
b - Scorch                Fire           22%        2d6       9%          2
c - Conjure Flame         Conj/Fire      11%        6-21      19%         3
d - Inner Flame           Hex/Fire       11%        N/A       19%         3
e - Flame Wave            Conj/Fire      11%        2d5       52%         4
Your spell library was empty.

Dungeon Overview and Level Annotations

Branches:
Dungeon (2/15)

Altars:
Trog


Innate Abilities, Weirdness & Mutations

You are immune to sickness and miasma.
You are immune to poison.
Your flesh is very heat resistant. (rF++)
You are vulnerable to cold. (rC-)
You float through the air rather than walking.
You learn spells naturally, not from books.
Your magical power is your life essence.
You have superior vitality. (+4 MHP)


Message History

You kill the giant cockroach!
You have reached level 2!
Your magical contamination has completely faded away.
A goblin comes into view. It is wielding a +0 club.
You conjure some foxfire!
You miscast Foxfire.
You are very lightly contaminated with residual magic.
Nothing appears to happen.
Your foxfire dissipates!
You conjure some foxfire!
The goblin shouts!
You conjure some foxfire!
The foxfire hits the goblin.
The goblin is moderately wounded.
The foxfire hits the goblin.
The goblin is severely wounded.
The foxfire hits the goblin.
You kill the goblin!
Your magical contamination has completely faded away.
Your foxfire dissipates!
A hobgoblin comes into view.
You see here a viscous emerald potion.
f - a viscous emerald potion The hobgoblin shouts!
You conjure some foxfire!
You conjure some foxfire!
The foxfire hits the hobgoblin.
The hobgoblin is almost dead.
The foxfire hits the hobgoblin.
You kill the hobgoblin!
Your foxfire dissipates! x2
Found a whip.
Found a faded altar of an unknown god.
Found a hand axe.
Found a scroll labelled TELOTA COURU.
Found a helmet.
There is a faded altar of an unknown god here.
You cannot tell which god this altar belongs to.
Convert to them anyway?
Trog accepts your prayer! Trog welcomes you!
You can now go berserk at will.
Are you sure you want to abandon this character and quit the game? (Confirm with "yes".)

..##.........
..##..................#.
........................
#........##.........#...
#.......†)..............
#.......####..#....?.[..
........................
......##................
......##........@.......
......##.......8.8......
......##................
.....###........#.......
.....# #........#......#
###### ##...............
#)..............
#...............
##.......#...


There were no monsters in sight!

Vanquished Creatures
  An endoplasm (D:2)
  2 giant cockroaches
  A goblin (D:1)
  A hobgoblin (D:1)
  A quokka (D:1)
  2 rats (D:1)
8 creatures vanquished.

Vanquished Creatures (others)
  28 foxfires
28 creatures vanquished.

Grand Total: 36 creatures vanquished

Notes
Turn   | Place    | Note
-------+----------+-------------------------------------------
     0 | D:1      | snetch the Djinni Fire Elementalist began the quest for the
                  | Orb.
     0 | D:1      | Reached XP level 1. HP: 15/15 MP: 0/0
   214 | D:1      | Reached XP level 2. HP: 12/21 MP: 0/0
   432 | D:1      | Found a faded altar of an unknown god.
   440 | D:1      | Prayed at the altar of an unknown god.
   440 | D:1      | Became a worshipper of Trog the Wrathful
   440 | D:1      | Reached * piety under Trog
   441 | D:1      | Quit the game

Illustrated notes

Levels and vault maps discovered:
D:1:      evilmike_arrival_hilbert_curve, layout_basic,
          dreamdust_ecumenical_altar_statues
D:2:      layout_basic

Action                   || total
-------------------------++-------
Melee: Unarmed           ||     9
 Cast: Foxfire           ||    15
Armor: Robe              ||     3
Dodge: Dodged            ||     7

Table legend: (Time is in decaauts)
 A = Elapsed time spent in this place.
 B = Non-inter-level travel time spent in this place.
 C = Inter-level travel time spent in this place.
 D = Time resting spent in this place.
 E = Time spent auto-exploring this place.
 F = Levels seen in this place.
 G = Mean time per level.
                   A        B        C        D        E       F      G
               +--------+--------+--------+--------+--------+-----+--------+
         Total |    440 |    440 |      0 |      0 |    338 |   2 |  220.0 |
       Dungeon |    440 |    440 |      0 |      0 |    338 |   2 |  220.0 |
               +--------+--------+--------+--------+--------+-----+--------+

Top non-repeatable levels by time:
     D:1: 285 daAuts
     D:2: 155 daAuts
